Dernière mise à jour: 2025-12-07 16:11:59
% Time on Ice - UTAH ICE BEARS
Lines # - Real PCT - Wanted PCT - Time Play
Normal Forward
1 - 35% - 36% - 18:27
2 - 30% - 31% - 15:47
3 - 25% - 23% - 13:15
4 - 9% - 10% - 4:42
Normal Defense
1 - 37% - 37% - 19:25
2 - 32% - 34% - 16:50
3 - 30% - 29% - 15:48
4 - 0% - 0% - 0:08
PP Forward
1 - 29% - 55% - 0:53
2 - 71% - 45% - 2:09
PP Defense
1 - 81% - 55% - 2:27
2 - 19% - 45% - 0:35
PK Forward
1 - 86% - 55% - 4:06
2 - 14% - 45% - 0:41
PK Defense
1 - 57% - 55% - 2:43
2 - 43% - 45% - 2:04
PK3 Forward
1 - 0% - 55%
2 - 0% - 45%
PK3 Defense
1 - 0% - 55%
2 - 0% - 45%
44 Forward
1 - 0% - 55%
2 - 0% - 45%
44 Defense
1 - 0% - 55%
2 - 0% - 45%
Last Minute Offensive  - 0:00
Last Minute Defensive  - 0:00
Total
Forward - 60:00
Defense - 60:00
% Time on Ice - REGINA FALCONS
Lines # - Real PCT - Wanted PCT - Time Play
Normal Forward
1 - 34% - 36% - 17:47
2 - 32% - 31% - 16:55
3 - 26% - 23% - 13:22
4 - 8% - 10% - 4:07
Normal Defense
1 - 36% - 36% - 18:49
2 - 33% - 31% - 17:15
3 - 26% - 23% - 13:33
4 - 5% - 10% - 2:34
PP Forward
1 - 51% - 55% - 2:26
2 - 49% - 45% - 2:21
PP Defense
1 - 51% - 55% - 2:26
2 - 49% - 45% - 2:21
PK Forward
1 - 70% - 55% - 2:08
2 - 30% - 45% - 0:54
PK Defense
1 - 57% - 55% - 1:44
2 - 43% - 45% - 1:18
PK3 Forward
1 - 0% - 55%
2 - 0% - 45%
PK3 Defense
1 - 0% - 55%
2 - 0% - 45%
44 Forward
1 - 0% - 55%
2 - 0% - 45%
44 Defense
1 - 0% - 55%
2 - 0% - 45%
Last Minute Offensive  - 0:00
Last Minute Defensive  - 0:00
Total
Forward - 60:00
Defense - 60:00
Play-by-Play 1st period 0:01 of 1st period - Anze Kopitar wins face-off versus Evgeni Malkin in neutral zone. 0:20 of 1st period - Shot by Matthew Tkachuk. 0:20 of 1st period - Shot Hit the Post. 0:28 of 1st period - Shot by Evgeni Malkin. 0:28 of 1st period - Goal by Evgeni Malkin - UTAH ICE BEARS : 1 - REGINA FALCONS : 0. 0:29 of 1st period - Casey Mittelstadt wins face-off versus William Eklund in neutral zone. 0:50 of 1st period - Shot by Alex Iafallo. 0:50 of 1st period - Deflect By William Eklund. 0:50 of 1st period - Shot Blocked by David Savard. 0:52 of 1st period - Shot by Marco Scandella. 0:52 of 1st period - Shot Blocked by David Savard. 1:04 of 1st period - Shot by Andre Burakovsky. 1:04 of 1st period - Stopped by Thatcher Demko without a rebound. 1:05 of 1st period - Christian Dvorak wins face-off versus John-Jason Peterka in UTAH ICE BEARS zone. 1:06 of 1st period - Shot by Tanner Pearson. 1:06 of 1st period - Shot Misses the Net. 1:27 of 1st period - Shot by Max Jones. 1:27 of 1st period - Shot Blocked by Kevin Bahl. 3:14 of 1st period - Shot by Casey Mittelstadt. 3:14 of 1st period - Stopped by Chris Driedger with a rebound. 3:28 of 1st period - Shot by William Eklund. 3:28 of 1st period - Shot Blocked by Artem Zub. 3:30 of 1st period - Shot by William Eklund. 3:30 of 1st period - Deflect By Andre Burakovsky. 3:30 of 1st period - Stopped by Thatcher Demko without a rebound. 3:31 of 1st period - Matthew Beniers wins face-off versus Egor Afanasyev in UTAH ICE BEARS zone. 3:49 of 1st period - Shot by Egor Afanasyev. 3:49 of 1st period - Stopped by Thatcher Demko without a rebound. 3:50 of 1st period - William Eklund wins face-off versus Morgan Frost in UTAH ICE BEARS zone. 3:55 of 1st period - Shot by Alex Iafallo. 3:55 of 1st period - Shot Blocked by MacKenzie Weegar. 3:57 of 1st period - Shot by Alex Iafallo. 3:57 of 1st period - Deflect By Andre Burakovsky. 3:57 of 1st period - Stopped by Thatcher Demko without a rebound. 3:58 of 1st period - William Eklund wins face-off versus Luke Evangelista in UTAH ICE BEARS zone. 4:29 of 1st period - Shot by William Eklund. 4:29 of 1st period - Shot Misses the Net. 4:31 of 1st period - Shot by Torey Krug. 4:31 of 1st period - Shot Misses the Net. 4:33 of 1st period - Shot by Alex Iafallo. 4:33 of 1st period - Stopped by Thatcher Demko without a rebound. 4:34 of 1st period - Anze Kopitar wins face-off versus Casey Mittelstadt in UTAH ICE BEARS zone. 4:43 of 1st period - Casey Mittelstadt is hit by Leo Carlsson and loses puck. 5:40 of 1st period - Shot by Evgeni Malkin. 5:40 of 1st period - Shot Misses the Net. 5:42 of 1st period - Shot by Evgeni Malkin. 5:42 of 1st period - Stopped by Chris Driedger without a rebound. 5:43 of 1st period - John-Jason Peterka wins face-off versus Christian Dvorak in REGINA FALCONS zone. 6:13 of 1st period - Icing by Max Jones. 6:14 of 1st period - Christian Dvorak wins face-off versus Evgeni Malkin in REGINA FALCONS zone. 7:27 of 1st period - Shot by William Eklund. 7:27 of 1st period - Shot Misses the Net. 7:31 of 1st period - Shot by Andre Burakovsky. 7:31 of 1st period - Stopped by Thatcher Demko with a rebound. 7:49 of 1st period - Shot by MacKenzie Weegar. 7:49 of 1st period - Stopped by Chris Driedger without a rebound. 7:50 of 1st period - Casey Mittelstadt wins face-off versus Egor Afanasyev in REGINA FALCONS zone. 7:55 of 1st period - Shot by Alexander Ovechkin. 7:55 of 1st period - Shot Misses the Net. 8:03 of 1st period - Shot by Lucas Raymond. 8:03 of 1st period - Shot Misses the Net. 8:05 of 1st period - Shot by David Savard. 8:05 of 1st period - Shot Misses the Net. 8:07 of 1st period - Shot by Casey Mittelstadt. 8:07 of 1st period - Shot Misses the Net. 8:15 of 1st period - Shot by Casey Mittelstadt. 8:15 of 1st period - Stopped by Chris Driedger without a rebound. 8:16 of 1st period - Anze Kopitar wins face-off versus Matthew Beniers in REGINA FALCONS zone. 8:57 of 1st period - Shot by Andrew Mangiapane. 8:57 of 1st period - Stopped by Chris Driedger without a rebound. 8:58 of 1st period - William Eklund wins face-off versus Evgeni Malkin in REGINA FALCONS zone. 8:58 of 1st period - William Eklund is hit by Matthew Tkachuk. 9:20 of 1st period - Shot by Andre Burakovsky. 9:20 of 1st period - Stopped by Thatcher Demko without a rebound. 9:21 of 1st period - Casey Mittelstadt wins face-off versus Max Jones in UTAH ICE BEARS zone. 9:21 of 1st period - Casey Mittelstadt is hit by Max Jones. 9:22 of 1st period - Minor Penalty to Max Jones for Slashing. 9:23 of 1st period - Rickard Rakell wins face-off versus Evgeni Malkin in REGINA FALCONS zone. 9:36 of 1st period - Shot by Evgeni Malkin. 9:36 of 1st period - Stopped by Chris Driedger without a rebound. 9:37 of 1st period - Casey Mittelstadt wins face-off versus Rickard Rakell in REGINA FALCONS zone. 9:54 of 1st period - Shot by David Savard. 9:54 of 1st period - Stopped by Chris Driedger without a rebound. 9:55 of 1st period - Matthew Tkachuk wins face-off versus Leo Carlsson in REGINA FALCONS zone. 10:02 of 1st period - Shot by Evgeni Malkin. 10:02 of 1st period - Stopped by Chris Driedger without a rebound. 10:03 of 1st period - Evgeni Malkin wins face-off versus Rickard Rakell in REGINA FALCONS zone. 10:04 of 1st period - Shot by Matthew Tkachuk. 10:04 of 1st period - Stopped by Chris Driedger without a rebound. 10:05 of 1st period - Evgeni Malkin wins face-off versus Rickard Rakell in REGINA FALCONS zone. 10:16 of 1st period - Shot by Matthew Tkachuk. 10:16 of 1st period - Stopped by Chris Driedger without a rebound. 10:17 of 1st period - Rickard Rakell wins face-off versus Casey Mittelstadt in REGINA FALCONS zone. 11:31 of 1st period - William Eklund is hit by Bowen Byram and loses puck. 12:41 of 1st period - Shot by Evgeni Malkin. 12:41 of 1st period - Stopped by Chris Driedger without a rebound. 12:41 of 1st period - Minor Penalty to Pierre-Olivier Joseph for Delaying the game. 12:42 of 1st period - Rickard Rakell wins face-off versus Casey Mittelstadt in REGINA FALCONS zone. 12:50 of 1st period - Shot by Rickard Rakell. 12:50 of 1st period - Shot Misses the Net. 13:44 of 1st period - Shot by Matthew Tkachuk. 13:44 of 1st period - Goal by Matthew Tkachuk - UTAH ICE BEARS : 2 - REGINA FALCONS : 0. 13:45 of 1st period - Evgeni Malkin wins face-off versus William Eklund in neutral zone. 13:48 of 1st period - Shot by Jordan Eberle. 13:48 of 1st period - Stopped by Chris Driedger with a rebound. 13:57 of 1st period - Icing by Ryker Evans. 13:58 of 1st period - William Eklund wins face-off versus Morgan Frost in REGINA FALCONS zone. 13:58 of 1st period - William Eklund is hit by Morgan Frost. 14:16 of 1st period - Shot by Morgan Frost. 14:16 of 1st period - Stopped by Chris Driedger without a rebound. 14:17 of 1st period - Anze Kopitar wins face-off versus Evgeni Malkin in REGINA FALCONS zone. 14:51 of 1st period - Anze Kopitar is hit by Kristopher Letang. 14:53 of 1st period - Shot by Leo Carlsson. 14:53 of 1st period - Goal by Leo Carlsson - UTAH ICE BEARS : 2 - REGINA FALCONS : 1. 14:54 of 1st period - Christian Dvorak wins face-off versus Casey Mittelstadt in neutral zone. 15:12 of 1st period - Max Jones is hit by David Savard and loses puck. 15:39 of 1st period - Off-side. 15:40 of 1st period - Evgeni Malkin wins face-off versus Anze Kopitar in neutral zone. 15:53 of 1st period - Shot by Evgeni Malkin. 15:53 of 1st period - Stopped by Chris Driedger with a rebound. 16:39 of 1st period - John-Jason Peterka is hit by Leo Carlsson and loses puck. 16:51 of 1st period - Shot by John-Jason Peterka. 16:51 of 1st period - Deflect By Matias Maccelli. 16:51 of 1st period - Stopped by Chris Driedger with a rebound. 17:14 of 1st period - Shot by Bowen Byram. 17:14 of 1st period - Stopped by Chris Driedger without a rebound. 17:15 of 1st period - William Eklund wins face-off versus Lucas Raymond in REGINA FALCONS zone. 17:15 of 1st period - William Eklund is hit by Lucas Raymond. 17:22 of 1st period - William Eklund is hit by Artem Zub and loses puck. 17:26 of 1st period - Icing by Artem Zub. 17:27 of 1st period - Casey Mittelstadt wins face-off versus Christian Dvorak in UTAH ICE BEARS zone. 17:27 of 1st period - Casey Mittelstadt is hit by Max Jones. 18:10 of 1st period - Off-side. 18:11 of 1st period - William Eklund wins face-off versus Jordan Eberle in neutral zone. 18:37 of 1st period - Evgeni Malkin is hit by Alex Iafallo and loses puck. 18:44 of 1st period - Shot by William Eklund. 18:44 of 1st period - Shot Blocked by MacKenzie Weegar. 18:56 of 1st period - Shot by William Eklund. 18:56 of 1st period - Stopped by Thatcher Demko without a rebound. 18:57 of 1st period - Anze Kopitar wins face-off versus Casey Mittelstadt in UTAH ICE BEARS zone. 19:26 of 1st period - Shot by Lucas Raymond. 19:26 of 1st period - Deflect By Alexander Ovechkin. 19:26 of 1st period - Stopped by Chris Driedger with a rebound. 19:36 of 1st period - Shot by Rickard Rakell. 19:36 of 1st period - Stopped by Thatcher Demko without a rebound. 19:37 of 1st period - Christian Dvorak wins face-off versus Morgan Frost in UTAH ICE BEARS zone. Goals for this period are 2 for UTAH ICE BEARS vs 1 for REGINA FALCONS. Shots for this period are 19 for UTAH ICE BEARS vs 10 for REGINA FALCONS. 2nd period 0:01 of 2nd period - Anze Kopitar wins face-off versus Evgeni Malkin in neutral zone. 0:57 of 2nd period - Icing by Kristopher Letang. 0:58 of 2nd period - Jordan Eberle wins face-off versus William Eklund in UTAH ICE BEARS zone. 3:49 of 2nd period - Shot by Alex Iafallo. 3:49 of 2nd period - Stopped by Thatcher Demko without a rebound. 3:50 of 2nd period - Evgeni Malkin wins face-off versus Egor Afanasyev in UTAH ICE BEARS zone. 3:54 of 2nd period - Icing by Evgeni Malkin. 3:55 of 2nd period - Evgeni Malkin wins face-off versus Christian Dvorak in UTAH ICE BEARS zone. 3:55 of 2nd period - Evgeni Malkin is hit by Max Jones. 4:03 of 2nd period - Shot by Matthew Tkachuk. 4:03 of 2nd period - Deflect By Evgeni Malkin. 4:03 of 2nd period - Stopped by Chris Driedger without a rebound. 4:04 of 2nd period - Evgeni Malkin wins face-off versus William Eklund in REGINA FALCONS zone. 4:19 of 2nd period - Shot by Matthew Tkachuk. 4:19 of 2nd period - Deflect By Evgeni Malkin. 4:19 of 2nd period - Shot Misses the Net. 4:21 of 2nd period - Shot by Kristopher Letang. 4:21 of 2nd period - Stopped by Chris Driedger without a rebound. 4:22 of 2nd period - Rickard Rakell wins face-off versus Casey Mittelstadt in REGINA FALCONS zone. 5:01 of 2nd period - Shot by Alexander Ovechkin. 5:01 of 2nd period - Deflect By Casey Mittelstadt. 5:01 of 2nd period - Stopped by Chris Driedger without a rebound. 5:02 of 2nd period - Evgeni Malkin wins face-off versus William Eklund in REGINA FALCONS zone. 5:07 of 2nd period - Shot by Jordan Eberle. 5:07 of 2nd period - Shot Misses the Net. 5:12 of 2nd period - Off-side. 5:13 of 2nd period - Christian Dvorak wins face-off versus Matthew Beniers in neutral zone. 5:15 of 2nd p